 Dungeon Crawl Stone Soup version 0.26-a0-690-gcb57259 (webtiles) character file.

Game seed: 16607660425465596276

28625 Mopster the Severer (level 13, -2/119 HPs)
             Began as a Minotaur Berserker on Oct 22, 2020.
             Was a High Priest of Trog.
             Slain by a tyrant leech (33 damage)
             ... on level 14 of the Dungeon on Oct 23, 2020.
             The game lasted 00:51:01 (14838 turns).

Mopster the Severer (Minotaur Berserker)           Turns: 14838, Time: 00:51:01

Health: -2/119     AC: 22    Str: 23    XL:     13   Next: 10%
Magic:  4/4        EV: 10    Int:  4    God:    Trog [*****.]
Gold:   1080       SH:  0    Dex: 14    Spells: 12/12 levels left

rFire    . . .     SeeInvis .   H - +4 broad axe (antimagic)
rCold    . . .     Faith    .   (no shield)
rNeg     . . .     Spirit   .   q - +0 plate armour
rPois    .         Reflect  .   (helmet restricted)
rElec    .         Harm     .   b - +2 cloak
rCorr    .         Rampage  .   e - +0 pair of gloves
MR       .....                  y - +0 pair of boots
Stlth    ..........             (no amulet)
HPRegen  0.29/turn              I - ring of attention
MPRegen  0.09/turn              K - ring of stealth

@: berserk cooldown, slowed, studying Staves, very slow
A: retaliatory headbutt, horns 2
a: Berserk, Trog's Hand, Brothers in Arms, Renounce Religion


You were on level 14 of the Dungeon.
You worshipped Trog.
Trog was extremely pleased with you.
You visited 1 branch of the dungeon, and saw 14 of its levels.
You visited 1 bazaar.

You collected 1136 gold pieces.
You spent 56 gold pieces at shops.

Inventory:

Hand Weapons
 E - a +5 war axe
 H - a +4 antimagic broad axe (weapon)
Armour
 b - a +2 cloak (worn)
 e - a +0 pair of gloves (worn)
 j - a +0 chain mail of poison resistance
 q - a +0 plate armour (worn)
 u - the +0 ring mail of Classification {rElec Dex+2}
   (You found it on level 4 of the Dungeon)

   It affects your dexterity (+2).
   It insulates you from electricity.
 y - a +0 pair of boots (worn)
Jewellery
 r - a +6 ring of dexterity
 I - a ring of attention (left hand)
 K - a ring of stealth (right hand)
Wands
 w - a wand of disintegration (8)
 B - a wand of polymorph (20)
 G - a wand of flame (24)
 J - a wand of paralysis (8)
Scrolls
 a - a scroll of teleportation
 l - 10 scrolls of remove curse
 t - a scroll of fear
 v - 2 scrolls of immolation
 A - a scroll of torment
 C - 2 scrolls of enchant weapon
 F - a scroll of identify
Potions
 c - 2 potions of might
 f - 3 potions of flight
 g - 9 potions of curing
 h - 3 potions of lignification
 i - a potion of berserk rage {unknown}
 k - a potion of brilliance {unknown}
 m - 2 potions of invisibility {unknown}
 n - 3 potions of stabbing
 o - a potion of resistance {unknown}
 p - 2 potions of heal wounds
 s - 8 potions of ambrosia {unknown}
 x - 4 potions of magic {unknown}
 z - a potion of cancellation {unknown}
 D - a potion of mutation {unknown}
Books
 d - a manual of Staves


   Skills:
 + Level 12.5 Fighting
 + Level 17.9 Axes
 + Level 12.8 Armour
 + Level 6.1 Dodging
 - Level 1.0 Stealth


You had 12 spell levels left.
You didn't know any spells.
Your spell library contained the following spells:

 Spells                   Type           Power        Failure   Level
 Animate Skeleton         Necr           #.....       99%         1
 Corona                   Hex            #......      99%         1
 Magic Dart               Conj           #...         99%         1
 Pain                     Necr           #...         99%         1
 Ensorcelled Hibernation  Hex/Ice        #.....       100%        2
 Searing Ray              Conj           #.....       100%        2
 Confusing Touch          Hex            #.......     100%        3
 Dazzling Flash           Conj/Hex       #.....       100%        3
 Tukima's Dance           Hex            #.......     100%        3
 Vampiric Draining        Necr           #.........   100%        3
 Animate Dead             Necr           #.........   100%        4
 Fulminant Prism          Conj/Hex       #.........   100%        4
 Iskenderun's Mystic Bla  Conj/Tloc      #.......     100%        4
 Agony                    Necr           #.......     100%        5


Dungeon Overview and Level Annotations

Branches:
Dungeon (14/15)            Temple (0/1) D:4            Lair (0/6) D:8
    Orc (0/2) D:12
 Vaults: D:13-14

Altars:
Ashenzari
Gozag
Makhleb
Qazlal
Ru
Xom
Yredelemnul
Zin
The Shining One
Lugonu

Shops:
D:11 (

Annotations:
D:10 2 transporters


Innate Abilities, Weirdness & Mutations

You reflexively headbutt those who attack you in melee.
You have a pair of horns on your head.


Message History

The moth of wrath bites you.
Unknown command.
Your plate armour prevents you from hitting the demonic crawler.
The demonic crawler is moderately wounded.
Your plate armour prevents you from hitting the tyrant leech.
You barely miss the moth of wrath. The demonic crawler closely misses you.
The demonic crawler hits you but does no damage. x2
The tyrant leech bites you!!
* * * LOW HITPOINT WARNING * * *
The tyrant leech draws strength from your injuries!
You are too berserk!
You see here a demonic crawler corpse.
You feel a strong urge to attack something.
The demonic crawler misses you. The demonic crawler closely misses you.
The demonic crawler hits you but does no damage.
You are no longer berserk.
You are exhausted.
You feel yourself slow down. The moth of wrath closely misses you.
The tyrant leech bites you!!
You die...

# ≈≈≈≈## #
#≈###≈≈≈# # .
:wy#≈≈≈# ######
.≈
≈ws≈≈≈≈#####....'
.≈≈
#≈≈≈......####
.≈≈≈##
###≈≈≈.###### #
..≈≈≈≈###≈≈†≈..#
# #≈≈≈≈ww≈...##
##≈≈@ys#####
#######


You could see a tyrant leech (berserk), a demonic crawler, a moth of wrath and a
swamp worm.

Vanquished Creatures
  Harold (D:7)
  Erica (D:11)
  3 centaur warriors
  A hydra (D:12)
  An ogre mage (D:12)
  A tengu warrior (D:12)
  3 death yaks (D:8)
  5 two-headed ogres
  A death drake (shapeshifter) (D:10)
  2 deep elf magi (D:11)
  A cyclops (D:12)
  4 ugly things
  A manticore (D:12)
  Maurice (D:13)
  4 centaur zombies (D:12)
  A gargoyle (D:12)
  A demonic crawler (D:14)
  A kobold demonologist (D:14)
  A komodo dragon (D:12)
  A queen bee (D:14)
  Grinder (D:4)
  4 trolls
  2 meliai (D:14)
  2 hornets
  Sigmund (D:6)
  3 wraiths
  A wyvern (D:9)
  2 vampires
  2 shadows
  6 yaks (D:11)
  2 steam dragons
  Edmund (D:4)
  An acid dragon (D:11)
  2 swamp worms (D:14)
  A swamp drake (D:12)
  4 orc warriors
  A black bear (D:11)
  2 phantoms
  2 ice beasts
  4 sky beasts
  7 ogres
  9 centaurs
  2 big kobolds
  9 bullfrogs
  A water moccasin skeleton (D:6)
  A wyvern skeleton (D:12)
  3 scorpions
  23 killer bees
  11 wights
  4 howler monkeys
  2 bullfrog zombies
  2 quasits
  6 hounds
  4 jellies
  6 orc priests
  Crazy Yiuf (D:4)
  3 bullfrog skeletons
  5 centaur skeletons
  2 gnoll shamans
  12 orc wizards
  9 worker ants
  2 hell rats (D:8)
  A killer bee zombie (D:8)
  2 hound zombies
  A hound skeleton (D:5)
  A howler monkey zombie (D:7)
  2 worker ant zombies
  7 gnolls
  2 river rats (D:8)
  14 adders
  A shadow imp (D:6)
  3 white imps
  An ooze (D:4)
  3 adder skeletons
  3 worms (D:2)
  2 leopard geckos
  50 orcs
  3 ball pythons
  8 bats
  8 giant cockroaches
  4 goblins
  2 hobgoblins (D:1)
  16 jackals
  16 kobolds
  3 quokkas
  7 frilled lizards
  2 gnoll zombies (D:7)
  A leopard gecko skeleton (D:6)
  8 rats
374 creatures vanquished.

Vanquished Creatures (collateral kills)
  A hornet (D:13)
  An eye of draining (D:13)
  2 wights (D:13)
4 creatures vanquished.

Vanquished Creatures (others)
  An orc (D:12)
  4 plants (D:14)
5 creatures vanquished.

Grand Total: 383 creatures vanquished

Notes
Turn   | Place    | Note
-------+----------+-------------------------------------------
     0 | D:1      | Mopster the Minotaur Berserker began the quest for the Orb.
     0 | D:1      | Reached XP level 1. HP: 19/19 MP: 0/0
   286 | D:1      | Reached XP level 2. HP: 25/27 MP: 1/1
   405 | D:1      | Reached skill level 4 in Axes
  1032 | D:2      | Reached XP level 3. HP: 33/33 MP: 2/2
  1197 | D:2      | Reached ** piety under Trog
  1254 | D:2      | Found a burning altar of Makhleb.
  1259 | D:2      | Found a glowing silver altar of Zin.
  1259 | D:2      | Noticed a cacodemon
  1259 | D:2      | Noticed an angel
  1376 | D:2      | Found an opulent altar of Gozag.
  1568 | D:2      | Reached XP level 4. HP: 41/41 MP: 3/3
  1957 | D:3      | Found a broken altar of Ashenzari.
  2251 | D:4      | Reached skill level 5 in Axes
  2377 | D:4      | Noticed Grinder
  2394 | D:4      | Paralysed by Grinder for 5 turns
  2402 | D:4      | Killed Grinder
  2402 | D:4      | Reached skill level 6 in Axes
  2402 | D:4      | Reached XP level 5. HP: 45/47 MP: 4/4
  2402 | D:4      | Reached XP level 6. HP: 53/55 MP: 5/5
  2655 | D:4      | Reached skill level 5 in Fighting
  2749 | D:4      | Noticed Edmund
  2759 | D:4      | Killed Edmund
  2759 | D:4      | Reached skill level 1 in Stealth
  2759 | D:4      | Reached XP level 7. HP: 61/61 MP: 6/6
  2825 | D:4      | Found a staircase to the Ecumenical Temple.
  2923 | D:4      | Got a warped ring mail
  2934 | D:4      | Identified the cursed +0 ring mail of Classification {rElec
                  | Dex+2} (You found it on level 4 of the Dungeon)
  3080 | D:4      | Reached skill level 7 in Axes
  3558 | D:4      | Found a runed translucent door.
  3560 | D:4      | Noticed Crazy Yiuf
  3571 | D:4      | Killed Crazy Yiuf
  3571 | D:4      | Reached skill level 5 in Armour
  3725 | D:5      | Entered Level 5 of the Dungeon
  3890 | D:5      | Reached skill level 8 in Axes
  3921 | D:5      | Reached *** piety under Trog
  3921 | D:5      | Reached XP level 8. HP: 67/70 MP: 7/7
  4067 | D:5      | Found a glowing golden altar of the Shining One.
  4136 | D:5      | Reached skill level 9 in Axes
  4834 | D:6      | Noticed a troll
  4834 | D:6      | Noticed Sigmund
  4839 | D:6      | Reached skill level 10 in Axes
  4844 | D:6      | Killed a troll
  4845 | D:6      | Killed Sigmund
  4845 | D:6      | Reached XP level 9. HP: 79/79 MP: 8/8
  5288 | D:6      | Found a stormy altar of Qazlal.
  5352 | D:6      | Reached skill level 5 in Dodging
  5439 | D:7      | Reached skill level 11 in Axes
  5478 | D:7      | Reached **** piety under Trog
  5859 | D:7      | Noticed Harold
  5873 | D:7      | Killed Harold
  5873 | D:7      | Reached skill level 12 in Axes
  6090 | D:7      | Found a basalt altar of Yredelemnul.
  6580 | D:8      | Found a shimmering altar of Xom.
  6635 | D:8      | Reached XP level 10. HP: 82/88 MP: 9/9
  6664 | D:8      | Found a sacrificial altar of Ru.
  6905 | D:8      | Noticed a death yak
  6907 | D:8      | Found a staircase to the Lair.
  6907 | D:8      | Noticed a death yak
  6907 | D:8      | Noticed a death yak
  6916 | D:8      | Killed a death yak
  6916 | D:8      | Reached skill level 13 in Axes
  6923 | D:8      | Killed a death yak
  6926 | D:8      | Killed a death yak
  6926 | D:8      | Reached ***** piety under Trog
  7169 | D:8      | Reached skill level 14 in Axes
  8534 | D:10     | Entered Level 10 of the Dungeon
  9022 | D:10     | Noticed a death drake
  9033 | D:10     | Killed a death drake
  9033 | D:10     | Reached XP level 11. HP: 96/96 MP: 10/10
  9363 | D:10     | Found a transporter.
  9365 | D:10     | Noticed a purple ugly thing
  9367 | D:10     | Found a corrupted altar of Lugonu.
  9390 | D:10     | Noticed a red ugly thing
  9441 | D:10     | Found a transporter.
  9470 | D:10     | Found a broken altar of Ashenzari.
  9855 | D:11     | Noticed Erica
  9855 | D:11     | Noticed a centaur warrior
  9864 | D:11     | Killed a centaur warrior
  9878 | D:11     | Killed Erica
  9878 | D:11     | Reached skill level 15 in Axes
 10091 | D:11     | Reached skill level 10 in Armour
 10093 | D:11     | Reached skill level 10 in Fighting
 10425 | D:11     | Noticed a deep elf mage
 10457 | D:11     | Killed a deep elf mage
 10626 | D:11     | Noticed a deep elf mage
 10629 | D:11     | Found Anesof's Antique Weapon Boutique.
 10632 | D:11     | Killed a deep elf mage
 10748 | D:11     | Upgraded the game from 0.26-a0-683-g5206c1d to
                  | 0.26-a0-690-gcb57259
 11077 | D:12     | Received a gift from Trog
 11406 | D:12     | Noticed a cyan ugly thing
 11412 | D:12     | Killed a cyan ugly thing
 11412 | D:12     | Reached skill level 16 in Axes
 11436 | D:12     | Noticed a seven-headed hydra
 11449 | D:12     | Killed a 15-headed hydra
 11734 | D:12     | Reached XP level 12. HP: 100/105 MP: 6/11
 11769 | D:12     | Noticed a two-headed ogre
 11777 | D:12     | Noticed an ogre mage
 11778 | D:12     | Noticed a tengu warrior
 11779 | D:12     | Killed a two-headed ogre
 11782 | D:12     | Noticed a two-headed ogre
 11785 | D:12     | Noticed a two-headed ogre
 11788 | D:12     | Noticed a two-headed ogre
 11791 | D:12     | Killed a two-headed ogre
 11795 | D:12     | Killed a tengu warrior
 11797 | D:12     | Killed a two-headed ogre
 11803 | D:12     | Killed an ogre mage
 11805 | D:12     | Killed a two-headed ogre
 12329 | D:12     | Reached skill level 17 in Axes
 12352 | D:12     | Found a staircase to the Orcish Mines.
 12852 | D:13     | Noticed Maurice
 12875 | D:13     | Paralysed by a hornet for 3 turns
 12880 | D:13     | Paralysed by a hornet for 1 turns
 12881 | D:13     | HP: 5/109 [wight/cursed +0 short sword (1)]
 13344 | D:13     | Killed Maurice
 13774 | D:14     | Noticed a two-headed ogre
 13774 | D:14     | Noticed a centaur warrior
 13782 | D:13     | Killed a two-headed ogre
 13803 | D:14     | Killed a centaur warrior
 13821 | D:13     | HP: 5/112 [poisoned by a killer bee]
 14264 | D:14     | Reached XP level 13. HP: 38/119 MP: 4/12
 14584 | D:14     | Found a flickering gateway to a bazaar.
 14600 | Bazaar   | Entered a bazaar
 14615 | Bazaar   | Found Ydirhoub's Armour Emporium.
 14616 | Bazaar   | Found Ykhlufum's Gadget Emporium.
 14653 | Bazaar   | Found Opniorax's Antique Weapon Shoppe.
 14653 | Bazaar   | Found Lerphy's Weapon Shoppe.
 14671 | Bazaar   | Bought a +0 broad axe for 56 gold pieces
 14838 | D:14     | Slain by a tyrant leech

Illustrated notes

Levels and vault maps discovered:
D:1:      dpeg_arrival_signposts, layout_basic, hangedman_decor_clover_reticule
D:2:      layout_loops_ring, grunt_temple_overflow_order_and_chaos_2,
          grunt_gozag_statues
D:3:      layout_loops_ring, ashenzari_conservatory_becter
D:4:      layout_loops_corners, minmay_temple_entry_statues_fountains,
          minmay_crossroads, uniq_crazy_yiuf_cottage, uniq_grinder, uniq_edmund
D:5:      layout_basic, serial_curves, eino_curves_03, eino_curves_02,
          nicolae_tso_carved_into_rock
D:6:      layout_loops_cross, nicolae_qazlal_eye_of_the_storm,
          minmay_manual_moon, uniq_sigmund
D:7:      layout_loops_cross, lemuel_zombie_altar_yredelemnul, st_stairs_3,
          hangedman_decor_opposing, uniq_harold
D:8:      layout_loops_ring, lemuel_coloured_pillars_altar,
          kennysheep_little_box, dpeg_lair_monsters
D:9:      layout_gridville
D:10:     gammafunk_corrupted_shrine, layout_long_grid, ashenzari_altar_1
D:11:     layout_irregular_city, serial_shops, nicolae_shop_crystal,
          grunt_tough_drop, uniq_erica
D:12:     layout_loops_ring, erik_orc_1
D:13:     layout_long_grid, uniq_maurice
D:14:     layout_roguey [special_room_bee], grunt_vaults_entry_fortified,
          portal_ice_cave_entry_animals_and_master, serial_shops,
          bzr_entry_gold, worms_lemuel

Skill      XL: |  1  2  3  4  5  6  7  8  9 10 11 12 |
---------------+-------------------------------------+-----
Axes           | 4 6 8 10 12 14 16 17 | 17.9
Fighting       | 4 5 7 8 9 10 12 | 12.5
Armour         | 3 4 5 6 7 9 11 12 | 12.8
Dodging        | 3 4 5 6 |  6.1
Stealth        | 1 |  1.0

Action                   |  1- 3 |  4- 6 |  7- 9 | 10-12 | 13-15 || total
-------------------------+-------+-------+-------+-------+-------++-------
Melee: Hand axe          |    72 |    70 |     5 |       |       ||   147
       Headbutt          |    10 |    15 |    52 |   109 |    12 ||   198
       War axe           |       |       |   241 |   223 |       ||   464
       Broad axe         |       |       |       |   243 |    50 ||   293
Invok: Berserk           |     1 |     2 |     9 |    13 |     2 ||    27
       Trog's Hand       |       |       |       |     2 |       ||     2
       Brothers in Arms  |       |       |       |     2 |       ||     2
  Use: Scroll            |       |       |    13 |    10 |       ||    23
       Potion            |       |       |       |     3 |       ||     3
Armor: Animal skin       |     6 |       |       |       |       ||     6
       Ring mail         |    12 |    30 |    70 |       |       ||   112
       Plate armour      |       |       |     5 |   310 |    44 ||   359
Dodge: Dodged            |    38 |    36 |   159 |   224 |    33 ||   490

Table legend: (Time is in decaauts)
 A = Elapsed time spent in this place.
 B = Non-inter-level travel time spent in this place.
 C = Inter-level travel time spent in this place.
 D = Time resting spent in this place.
 E = Time spent auto-exploring this place.
 F = Levels seen in this place.
 G = Mean time per level.
                   A        B        C        D        E       F      G
               +--------+--------+--------+--------+--------+-----+--------+
         Total |  14937 |  13295 |   1642 |   2381 |   8693 |  15 |  995.8 |
       Dungeon |  14853 |  13211 |   1642 |   2381 |   8629 |  14 | 1060.9 |
        Bazaar |     83 |     83 |      0 |      0 |     64 |   1 |   83.0 |
               +--------+--------+--------+--------+--------+-----+--------+

Top non-repeatable levels by time:
    D:12: 1929 daAuts
     D:4: 1527 daAuts
    D:13: 1341 daAuts
    D:11: 1323 daAuts
    D:10: 1202 daAuts
     D:8: 1160 daAuts
     D:7: 1043 daAuts
     D:1: 1043 daAuts
     D:9: 937 daAuts
     D:6: 925 daAuts
     D:5: 804 daAuts
     D:3: 609 daAuts
     D:2: 594 daAuts
    D:14: 410 daAuts
  Bazaar: 83 daAuts
